Map: Jagannatha LE

Players

ShoWTimE

  • Race: Protoss Protoss
  • League: Grandmaster

MaxPax - Winner!

  • Race: Protoss Protoss
  • League: Grandmaster

Event: DreamHack SC2 Masters 2021 Summer

VOD

Have the link to the VOD?

Description

Time

  • Played on: May 21, 2021, 11 a.m.
  • Length: 2:53

All games in this series

Show
View Real Time Build Order
Export as new Build Order

ShoWTimE Protoss 

Build Orders:  

Get SALT Encoding   

  12  0:00  Probe  
  13  0:12  Probe  
  14  0:17  Pylon  
  14  0:24  Probe (Chrono Boost)  
  15  0:36  Probe (Chrono Boost)  
  15  0:37  Gateway  
  16  0:44  Probe (Chrono Boost)  
  16  0:46  Assimilator  
  17  0:51  Probe  
  17  0:55  Assimilator  
  18  1:03  Probe  
  19  1:15  Probe  
  20  1:28  Cybernetics Core  
  20  1:31  Pylon  
  20  1:32  Probe  
  21  1:44  Probe  
  22  1:56  Probe  
  25  2:21  Pylon  
Show
View Real Time Build Order
Export as new Build Order

MaxPax Protoss - Winner!

Build Orders: Cannon Rush 

Get SALT Encoding   

  12  0:00  Probe (Chrono Boost)  
  13  0:10  Probe (Chrono Boost)  
  14  0:15  Probe (Chrono Boost)  
  15  0:21  Pylon  
  15  0:39  Probe, Forge  
  16  0:57  Pylon  
  16  0:59  Pylon  
  16  1:05  Pylon  
  16  1:15  Photon Cannon  
  16  1:21  Photon Cannon  
  16  1:24  Pylon  
  16  1:29  Photon Cannon  
  16  1:31  Probe  
  17  1:40  Photon Cannon  
  17  1:43  Probe  
  17  1:49  Gateway  
  17  1:55  Probe  
  18  2:10  Photon Cannon  
  18  2:13  Pylon  
  18  2:20  Pylon  
Tags
 
Add a new tag
Caveats
  • Supply blocks, unpowered buildings, or Contaminate may cause inaccurate times.
  • Supply counts are checked every 10 seconds.